AoeStats
← tilmanv

Pilgrims

509389243Analyzed
4v4 RM · 7d ago on Sep 26, 2026· 44m 0s· 8 players
Game mode
Random Map
Map size
Large (8 player)
Population
200
Speed
Normal
Resources
Standard
Victory
Conquest
Starting age
Dark Age
Ending age
Imperial Age
RankedLock teamsTeams togetherTeam positionsShared explorationLock speedFull tech treeHidden civsTurbo modeCheats
Victory
Defeat
🇵🇪 Italians · Peru
1026
+14
🇨🇿 Malay · Czechia
1025
+14
🇩🇪 Dravidians · Germany
1024
+15
🇦🇺 Japanese · Australia
950
+18
🇨🇦 Spanish · Canada
1007
-16
🇨🇳 Franks · China
993
-15
🇨🇳 Hindustanis · China
990
-15
🇪🇸 Vikings · Spain
973
-15
Pets_T饕
12:09 Feudal Age
13:55 Fishing Lines
14:40 Double-Bit Axe
16:57 Castle Age
14:42 Loom
15:34 Wheelbarrow
16:25 Forging
16:20 Scale Barding Armor
17:51 Town Watch
17:49 Horse Collar
20:06 Bow Saw
21:04 Gold Mining
21:08 Stone Mining
21:22 Heavy Plow
20:46 Demolition Ship
21:21 Gillnets
22:26 Hand Cart
24:17 Fletching
25:04 Iron Casting
24:29 Scale Mail Armor
24:49 Chain Barding Armor
26:23 Grand Trunk Road
26:41 Town Patrol
26:50 Murder Holes
27:17 Fortified Wall
27:55 Husbandry
29:12 Gold Shaft Mining
29:10 Bloodlines
30:23 Bodkin Arrow
33:45 Stone Shaft Mining
34:33 Squires
33:54 Pikeman
37:35 Imperial Age
35:45 Ballistics
37:54 Heavy Camel Rider
39:01 Conscription
39:58 Chemistry
41:16 Blast Furnace
40:51 Plate Barding Armor
42:02 Two-Man Saw
42:24 Imperial Camel Rider
tyco170
2:50 Loom
13:26 Feudal Age
14:08 Double-Bit Axe
15:33 Wheelbarrow
17:31 Castle Age
15:22 Horse Collar
15:34 Gold Mining
15:35 Stone Mining
15:44 Fishing Lines
19:14 Hand Cart
19:01 Heavy Plow
20:37 Bow Saw
20:48 Medium Warships
21:48 Stone Shaft Mining
21:02 Town Watch
21:27 Gillnets
22:06 Fletching
25:31 Town Patrol
26:49 Padded Archer Armor
26:45 Bodkin Arrow
29:51 Leather Archer Armor
30:21 Inquisition
31:49 Fervor
32:00 Sanctity
33:52 Ballistics
34:49 Forging
39:39 Bloodlines
39:29 Husbandry
40:10 Masonry
39:56 Murder Holes
我血你
12:32 Feudal Age
10:59 Loom
11:32 Loom
13:42 Fishing Lines
16:38 Castle Age
14:44 Double-Bit Axe
19:08 Wheelbarrow
19:44 Bow Saw
24:33 Husbandry
26:48 Scale Barding Armor
32:08 Imperial Age
31:02 Hand Cart
31:53 Chain Barding Armor
31:43 Forging
33:27 Conscription
33:08 Cavalier
34:30 Iron Casting
35:09 Paladin
41:26 Masonry
41:13 Murder Holes
41:39 Ballistics
42:21 Light Cavalry
44:23 Plate Barding Armor
Dont_forget_me
13:07 Feudal Age
11:34 Loom
13:51 Double-Bit Axe
14:14 Fishing Lines
18:16 Stone Mining
18:08 Horse Collar
18:20 Gold Mining
20:47 Castle Age
19:42 Arson
20:14 Town Watch
23:32 Fletching
23:43 Padded Archer Armor
23:51 Gillnets
24:07 Squires
26:30 Scale Mail Armor
30:14 Heavy Plow
32:41 Chain Mail Armor
32:37 Forging
38:59 Iron Casting
Mydloos
11:23 Feudal Age
13:10 Double-Bit Axe
18:22 Castle Age
16:37 Fishing Lines
18:58 Bow Saw
21:10 Horse Collar
25:21 Heavy Plow
26:31 Forging
27:52 Gold Mining
29:35 Iron Casting
32:12 Imperial Age
31:23 Wheelbarrow
31:09 Pikeman
31:49 Squires
32:55 Blast Furnace
31:45 Elite Karambit Warrior
36:05 Gold Shaft Mining
35:58 Hand Cart
36:03 Elite Battle Elephant
36:47 Husbandry
36:56 Scale Barding Armor
37:49 Crop Rotation
Dylan-23
9:25 Loom
11:47 Feudal Age
12:53 Fishing Lines
17:55 Wheelbarrow
20:18 Castle Age
18:07 Double-Bit Axe
18:03 Horse Collar
21:48 Medium Warships
28:20 Imperial Age
26:14 Ballistics
25:45 Fletching
26:33 Town Watch
27:04 Hand Cart
26:53 Bodkin Arrow
28:17 Bow Saw
28:08 Heavy Plow
29:40 Heavy Warships
29:17 Bracer
29:24 Stone Mining
29:26 Gold Mining
32:43 Stone Shaft Mining
34:32 Chemistry
33:28 Murder Holes
35:40 Elite Genoese Crossbowman
36:40 Conscription
37:56 Gillnets
40:09 Padded Archer Armor
41:36 Leather Archer Armor
41:56 Elite Cannon Galleon
43:56 Ring Archer Armor
43:29 Town Patrol
45:16 Two-Man Saw
44:49 Crop Rotation
Rido
6:04 Loom
13:02 Feudal Age
14:27 Wheelbarrow
13:39 Double-Bit Axe
13:45 Fishing Lines
14:54 Man-at-Arms
15:19 Arson
17:38 Gold Mining
20:21 Castle Age
18:58 Forging
18:48 Scale Mail Armor
21:33 Hand Cart
21:11 Gillnets
21:35 Bow Saw
21:49 Medium Warships
21:58 Medium Warships
22:26 Chain Mail Armor
23:23 Iron Casting
22:51 Squires
22:32 Long Swordsman
23:29 Fletching
24:58 Gold Shaft Mining
24:39 Town Watch
25:02 Horse Collar
25:57 Gambesons
29:38 Stone Mining
33:18 Imperial Age
32:27 Fervor
34:04 Two-Handed Swordsman
36:25 Blast Furnace
35:10 Two-Handed Swordsman
36:40 Champion
37:18 Bodkin Arrow
37:56 Plate Mail Armor
37:22 Bodkin Arrow
38:23 Town Patrol
40:12 Conscription
39:54 Yasama
41:15 Chemistry
41:19 Kataparuto
40:51 Elite Samurai
42:06 Hoardings
tilmanv
14:21 Feudal Age
15:11 Double-Bit Axe
16:03 Wheelbarrow
16:50 Fletching
20:14 Castle Age
21:12 Medium Warships
20:59 Bodkin Arrow
22:13 Hand Cart
24:08 Bow Saw
26:25 Pikeman
30:33 Imperial Age
29:54 Gold Mining
29:54 Stone Mining
30:35 Forging
30:25 Scale Mail Armor
31:09 Squires
30:55 Arson
32:21 Iron Casting
31:08 Halberdier
32:36 Chain Mail Armor
33:03 Man-at-Arms
33:29 Gambesons
34:08 Loom
34:09 Town Watch
33:49 Long Swordsman
34:43 Fishing Lines
35:25 Two-Handed Swordsman
37:49 Conscription
37:05 Champion
37:42 Gillnets
39:23 Scale Barding Armor
39:45 Town Patrol
41:46 Blast Furnace
41:07 Chain Barding Armor
41:21 Plate Mail Armor
41:15 Wootz Steel
Connection lost

Rejoining the realm…

Still unreachable

The connection could not be restored.

Session expired

The server has moved on; the page needs a fresh start.